[Event "Early-Titled-Tuesday-Blitz-January-23-2024"]
[Site "Chess.com"]
[Date "2024.01.23"]
[Round "6"]
[White "Rikikits"]
[Black "Zavgorodniy_Sergiy"]
[Result "1/2-1/2"]
[WhiteElo "2835"]
[BlackElo "2636"]
[TimeControl "180+1"]
[EndTime "9:07:02 PST"]
[Termination "Game drawn by repetition"]

1. d4 Nf6 2. c4 e6 3. Nf3 Bb4+ 4. Nbd2 b6 5. e3 Bb7 6. Bd3 Bxd2+ 7. Qxd2 O-O 8. O-O Bxf3 9. gxf3 d6 10. b3 Nbd7 11.
f4 e5 12. Bb2 exf4 13. exf4 Nh5 14. f5 Qh4 15. f4 Ndf6 16. d5 Rae8 17. Rf3 Ne4 18.
Qg2 Nef6 19. Raf1 Re1 20. Bc3 Rxf1+ 21. Bxf1 Re8 22. Qg5 Qg4+ 23. Qxg4 Nxg4 24. Bd2 Ngf6 25. Bd3 Kf8 26. Rh3 a5 27. Kf2 g6 28. Kf3 Ng7 29.
Bc3 Ngh5 30. fxg6 hxg6 31. f5 g5 32. Kf2 Ng4+ 33. Kf1 Re3 34. Rxe3 Nxe3+ 35. Ke2 Ng4 36. h3 Nf4+ 37. Kf3 Nxd3 38. Kxg4 Nf2+ 39. Kf3 Nxh3 40. Bd2 f6 41. Be3 Kg7 42. a3 Kf7 43. b4 axb4 44. axb4 Kg7 45. Kg4 Nf4 46. Bxf4 gxf4 47. Kxf4 Kh6 48.
Kg4 Kh7 49. Kh5 Kg7 50. Kh4 Kh7 51. Kg4 Kg7 52. Kf4 Kh6 53. Kg4 Kh7 54. Kh5 Kg7 55. Kh4 Kh6 56. Kg4 1/2-1/2

[Event "Early-Titled-Tuesday-Blitz-January-23-2024"]
[Site "Chess.com"]
[Date "2024.01.23"]
[Round "6"]
[White "Smiechu"]
[Black "SashaKuzhilniy"]
[Result "1/2-1/2"]
[WhiteElo "2494"]
[BlackElo "2638"]
[TimeControl "180+1"]
[EndTime "9:07:02 PST"]
[Termination "Game drawn by repetition"]

1. e4 e6 2. d4 d5 3. Bd3 Nf6 4. e5 Nfd7 5. f4 b6 6. Nf3 Ba6 7. O-O g6 8. Bxa6 Nxa6 9. Qe2 Nab8 10. c4 c6 11. Nc3 Be7 12. b3 a5 13. a3 Na6 14. Bd2 h5 15. Nd1 Nc7 16. Nf2 a4 17. b4 b5 18. c5 Qb8 19. Ng5 Qb7 20. Nfh3 Nf8 21. Be1 Rg8 22. Bh4 Rg7 23. Nf2 O-O-O 24. g3 Ne8 25. Nf3 Nh7 26. Bxe7 Qxe7 27. Nh3 Kb7 28.
Nfg5 Nxg5 29. Nxg5 Nc7 30. Kf2 Rh8 31. Ke3 Na6 32.
Kd3 Nb8 33. Kc3 Nd7 34. h3 Nf8 35. Rh1 Nh7 36. Qe3 Re8 37. g4 Nxg5 38. fxg5 Rh8 39. Raf1 hxg4 40. hxg4 Rgh7 41. Rh6 Qf8 42. Rfh1 Qg8 43.
R1h4 Rxh6 44. Rxh6 Qe8 45. Qh3 Rf8 46. Rh7 Kc8 47. Qh6 Kd8 48. Qg7 Qe7 49. Qf6 Ke8 50. Kd3 Rg8 51. Ke3 Qf8 52. Kf4 Qe7 53. Kg3 Qf8 54. Rh6 Qg7 55. Qxg7 Rxg7 56. Rh8+ Kd7 57. Kh4 Kc7 58. Kg3 Kd7 59. Kf4 Kc7 60. Kg3 Kd7 1/2-1/2

[Event "Early-Titled-Tuesday-Blitz-January-23-2024"]
[Site "Chess.com"]
[Date "2024.01.23"]
[Round "6"]
[White "apuwins"]
[Black "mary-sanna"]
[Result "1/2-1/2"]
[WhiteElo "2333"]
[BlackElo "2209"]
[TimeControl "180+1"]
[EndTime "9:07:02 PST"]
[Termination "Game drawn - insufficient material"]

1. e4 c5 2. Nc3 Nc6 3. g3 g6 4.
Bg2 Bg7 5. d3 e6 6. Be3 d6 7.
Qd2 Nd4 8. Nd1 Ne7 9. c3 Ndc6 10. Ne2 O-O 11. O-O f5 12. Bh6 Bd7 13. Bxg7 Kxg7 14. f4 b5 15. Ne3 Rb8 16. a3 a5 17. g4 b4 18. axb4 axb4 19. h3 bxc3 20. bxc3 Qb6 21.
Ra2 Rb7 22. Kh2 Rfb8 23. Ng3 Ra7 24. Rfa1 Rba8 25. h4 Rxa2 26. Rxa2 Rxa2 27. Qxa2 Qa7 28.
Qb2 Qb8 29. Qxb8 Nxb8 30. Nc4 Nc8 31. h5 fxg4 32. Ne3 gxh5 33. Nxh5+ Kg6 34. Ng3 h5 35. e5 dxe5 36. fxe5 Nc6 37. Be4+ Kg5 38. Nc4 h4 39. Ne2 N8e7 40. d4 cxd4 41. cxd4 Nf5 42. d5 exd5 43. Bxd5 g3+ 44. Kg2 Ne3+ 45. Nxe3 Nxe5 46. Nd4 Kf4 47. Ne2+ Kxe3 48. Nxg3 h3+ 49. Kh1 Kf2 50. Ne4+ Ke3 51. Ng5 Kd4 52. Be6 Bc6+ 53. Kh2 Bd5 54. Bxd5 Kxd5 55. Kxh3 1/2-1/2

[Event "Early-Titled-Tuesday-Blitz-January-23-2024"]
[Site "Chess.com"]
[Date "2024.01.23"]
[Round "6"]
[White "MightyGMpretender"]
[Black "DefiantChair"]
[Result "0-1"]
[WhiteElo "2735"]
[BlackElo "2562"]
[TimeControl "180+1"]
[EndTime "9:07:03 PST"]
[Termination "DefiantChair won on time"]

1. Nf3 d5 2. g3 Nf6 3. Bg2 e6 4. c4 dxc4 5. O-O Nbd7 6. Qa4 a6 7. Qxc4 b5 8. Qc2 Bb7 9. d3 c5 10. b3 Be7 11. Bb2 O-O 12. a3 Rc8 13. Nbd2 Re8 14. Rac1 Bf8 15. Qb1 e5 16. Rfd1 h6 17. Ba1 Bd6 18.
Ne4 Nxe4 19. dxe4 Qc7 20. Bh3 Rcd8 21. Nh4 Nf6 22. Bg2 Bf8 23. Nf5 g6 24. Ne3 Qb8 25. Nd5 Nxd5 26. exd5 Bd6 27. e4 Bc8 28. Bc3 Bd7 29.
Bd2 Bf8 30. Be3 Rc8 31. Qb2 c4 32. bxc4 Rxc4 33. f3 Rec8 34. Bf1 Rxc1 35. Rxc1 Qd6 36. Rxc8 Bxc8 37. Qc3 Qxa3 38. Qxc8 Qxe3+ 39. Kg2 Kg7 40. Qxa6 b4 41. Qd3 Qc5 42. Kh3 Bd6 43. Be2 h5 44.
Bd1 Qg1 45. Bb3 g5 46. Qc4 Qf2 47. Qd3 Kh6 48. Bd1 Qc5 49. Bb3 Qc8+ 50. Kg2 Qc1 0-1

[Event "Early-Titled-Tuesday-Blitz-January-23-2024"]
[Site "Chess.com"]
[Date "2024.01.23"]
[Round "6"]
[White "Aash20"]
[Black "Roman_Ovetchkin"]
[Result "1/2-1/2"]
[WhiteElo "2505"]
[BlackElo "2650"]
[TimeControl "180+1"]
[EndTime "9:07:04 PST"]
[Termination "Game drawn - insufficient material"]

1. e4 Nc6 2. Nf3 d5 3. exd5 Qxd5 4. Nc3 Qh5 5. Be2 Bg4 6. d3 O-O-O 7. Be3 e5 8. Nd2 Bxe2 9. Qxe2 Qg6 10. O-O-O f5 11. f4 Re8 12. fxe5 Nxe5 13. Bf4 Nc6 14. Qf2 Nf6 15. Kb1 Ng4 16. Qf3 Nge5 17. Qd5 Qd6 18.
Qxd6 Bxd6 19. g3 Kd7 20. Rhe1 a6 21. Nd5 Ng4 22. Bxd6 Kxd6 23. Nf4 b5 24. h4 g6 25. Nf3 Nce5 26. Nxe5 Rxe5 27. Rxe5 Nxe5 28. Re1 c5 29. c3 Rd8 30. d4 cxd4 31. cxd4 Nc6 32. Re6+ Kd7 33. d5 Nb8 34. Rf6 Re8 35. Rb6 Kc7 36.
Rf6 Re3 37. Rf7+ Kd6 38. Rxh7 Rxg3 39. Rg7 Nd7 40. Rxg6+ Rxg6 41. Nxg6 Kxd5 42. h5 Nf6 43. h6 Ke4 44. Kc2 f4 45. Kd2 Kf5 46. Ne7+ Kg5 47.
Nd5 Nh7 48. Ke2 Kxh6 49. Nxf4 Kg5 50. Nd5 a5 51. Kd3 Kf5 52. Kd4 Ng5 53. Kc5 Ke5 54. Nc7 b4 55. Kb5 Ne4 56. Kxa5 Kd6 57. Ne8+ Kc5 58.
Ng7 Kc4 59. Nf5 Nc5 60. Nd6+ Kd5 61. Nb5 b3 62. a4 Nd3 63. Nc3+ Kc4 64. Nd1 Nc5 65. Ne3+ Kd3 66. Ng4 Kc2 67. Kb4 Nxa4 68. Kxa4 Kxb2 69. Ne3 Ka2 70. Nc4 b2 71. Nxb2 1/2-1/2

[Event "Early-Titled-Tuesday-Blitz-January-23-2024"]
[Site "Chess.com"]
[Date "2024.01.23"]
[Round "6"]
[White "AljoschaFeuerstack"]
[Black "MikaelyanArman"]
[Result "1/2-1/2"]
[WhiteElo "2628"]
[BlackElo "2829"]
[TimeControl "180+1"]
[EndTime "9:07:06 PST"]
[Termination "Game drawn - insufficient material"]

1. e4 c5 2. Nf3 Nc6 3. g3 g6 4. Bg2 Bg7 5. O-O Nf6 6. Re1 O-O 7. c3 e5 8. d4 cxd4 9. cxd4 exd4 10. Nxd4 Qb6 11.
Nb3 d5 12. Be3 d4 13. Nxd4 Qxb2 14. Nb3 Ng4 15. N1d2 Nxe3 16. Rxe3 Be6 17. Qc1 Rfd8 18. Qxb2 Bxb2 19. Rb1 Bg7 20. Nf3 b6 21. Ng5 Bc4 22. e5 Rac8 23. e6 fxe6 24. Nxe6 Rd3 25. Rxd3 Bxd3 26. Rc1 Ne7 27. Nxg7 Kxg7 28. Rxc8 Nxc8 29. Nd4 Nd6 30. Nc6 a5 31. Ne5 Bb1 32. a3 Bf5 33. Bf1 Kf6 34. f4 Ke6 35. g4 Be4 36. Kf2 Kd5 37. Ke3 Bb1 38. Nd7 Kc6 39. Nf6 h6 40. h4 b5 41. h5 gxh5 42. gxh5 b4 43. axb4 axb4 44. Kd4 Ba2 45. Ng4 Nf5+ 46. Ke5 Ng3 47. Bd3 Nxh5 48. Nxh6 Ng3 49. f5 Kc5 50. f6 Nh5 51. f7 Bxf7 52. Nxf7 Ng3 53. Kf4 Kd4 54.
Bb1 Ne2+ 55. Kf3 Nc3 56. Bg6 b3 57. Nd8 b2 58. Nc6+ Kc4 59. Ne5+ Kb3 60. Nd7 Nb5 61. Nc5+ Kc3 62. Na4+ Kb3 63. Nxb2 Kxb2 1/2-1/2

[Event "Early-Titled-Tuesday-Blitz-January-23-2024"]
[Site "Chess.com"]
[Date "2024.01.23"]
[Round "6"]
[White "InitiatingASC"]
[Black "aghasiyevkamal"]
[Result "1/2-1/2"]
[WhiteElo "2438"]
[BlackElo "2616"]
[TimeControl "180+1"]
[EndTime "9:07:06 PST"]
[Termination "Game drawn by repetition"]

1. d4 d5 2. c4 e6 3. Nc3 Nf6 4.
cxd5 exd5 5. Qc2 Be7 6. e3 c6 7.
Bd3 Nbd7 8. Nge2 O-O 9. Ng3 Re8 10. O-O Bd6 11. e4 Bxg3 12. hxg3 dxe4 13. Nxe4 Nxe4 14. Bxe4 Nf6 15. Bg5 Qxd4 16. Bxf6 Qxe4 17. Qxe4 Rxe4 18. Bc3 Be6 19. a3 Bb3 20. Rae1 Rae8 21. Rxe4 Rxe4 22. Re1 Rxe1+ 23. Bxe1 f6 24. Bc3 Kf7 25. Kf1 Ke6 26. Ke2 Bd5 27. f3 g6 28. g4 f5 29. gxf5+ Kxf5 30. Ke3 h5 31. Bb4 g5 32. g3 h4 33.
g4+ Kg6 34. Bd6 a6 35. Kf2 Kf6 36. Bc7 c5 37. Bd8+ Kg6 38. a4 b5 39. axb5 axb5 40.
Bb6 c4 41. Ba5 h3 42. Kg3 h2 43. Kxh2 Bxf3 44. Kg3 Bd1 45. Bd2 Kf6 46. Kh3 Be2 47. Kg3 Bd3 48. Kf3 Bc2 49. Ke2 Bb1 50. Kf3 Kg6 51. Ke2 Be4 52. Ke3 Bg2 53. Kf2 Bh3 54. Kg3 Bf1 55. Kf2 Bd3 56. Kf3 Kf6 57. Kf2 Bc2 58. Kf3 Bd1+ 59. Kg3 Kg6 60. Kh3 Be2 61.
Kg3 Bd1 62. Kh3 Be2 63. Kg3 Bd1 1/2-1/2

[Event "Early-Titled-Tuesday-Blitz-January-23-2024"]
[Site "Chess.com"]
[Date "2024.01.23"]
[Round "6"]
[White "StankovicIvan"]
[Black "KhazhatulyAlikhan"]
[Result "1-0"]
[WhiteElo "2525"]
[BlackElo "2351"]
[TimeControl "180+1"]
[EndTime "9:07:09 PST"]
[Termination "StankovicIvan won by checkmate"]

1. e4 c5 2. c4 Nc6 3. Nc3 e6 4. g3 Nd4 5. Bg2 Ne7 6. d3 Nec6 7. Nge2 Be7 8. O-O O-O 9. Rb1 d6 10. a3 a5 11. Nb5 b6 12. Nexd4 Nxd4 13. Nxd4 cxd4 14.
f4 e5 15. f5 Bg5 16. h4 Bxc1 17. Qxc1 Qf6 18. b4 a4 19. b5 Bd7 20. Qd2 Kh8 21. Bh3 Ra7 22. Rf2 g6 23. Rbf1 gxf5 24. Bxf5 Bxf5 25. Rxf5 Qg6 26. Rg5 Qe6 27. Kh2 f6 28.
Rgf5 Rg7 29. Qh6 Rgf7 30. g4 Qe7 31. Kh3 Qe6 32. Kh2 Qe7 33. R1f2 Qd8 34. Kh3 Qe7 35.
Qd2 Rg8 36. Qb4 Qe6 37. Qxa4 Rfg7 38. Qd1 Rxg4 39. Qxg4 Rxg4 40. Kxg4 Qg8+ 41. Kh3 Qg1 42. Rxf6 Qh1+ 43. Kg3 Qg1+ 44. Kh3 Qh1+ 45. Kg4 Qg1+ 46. Kh5 Qd1+ 47. R2f3 Kg7 48. Rf7+ Kg8 49. Kg5 Qd2+ 50. Kh5 Qd1 51. Rf5 Kg7 52. Rg5+ Kh8 53. Kg4 Qg1+ 54.
Kf5 Qd1 55. Rfg3 Qf1+ 56. Ke6 h5 57. Rxh5# 1-0

[Event "Early-Titled-Tuesday-Blitz-January-23-2024"]
[Site "Chess.com"]
[Date "2024.01.23"]
[Round "6"]
[White "medalja"]
[Black "MVM2008"]
[Result "0-1"]
[WhiteElo "2377"]
[BlackElo "2556"]
[TimeControl "180+1"]
[EndTime "9:07:10 PST"]
[Termination "MVM2008 won by resignation"]

1. c4 Nf6 2. Nc3 Nc6 3. e4 e5 4.
d3 Bc5 5. g3 d6 6. h3 h5 7. Bg2 a5 8. Nf3 Nd4 9. Be3 c6 10. Bxd4 exd4 11. Ne2 Bb4+ 12. Kf1 h4 13. Nexd4 hxg3 14. fxg3 Nh5 15. Ne2 Qf6 16. d4 a4 17.
a3 Ba5 18. Qxa4 Bd7 19. Qc2 g5 20. g4 Nf4 21. Nxf4 Qxf4 22. Kf2 Bb6 23. Rad1 O-O-O 24. Rhe1 d5 25. c5 Bc7 26. e5 f5 27. Qd2 fxg4 28. Qxf4 gxf4 29. hxg4 Bxg4 30. Rh1 b6 31. b4 bxc5 32.
bxc5 Ba5 33. Ng5 Bxd1 34. Rxd1 Rh5 35. Ne6 Rg8 36. Nxf4 Rh2 37. Kf3 Bd8 38. Bh3+ Kc7 39.
Ne6+ Kb7 40. Rb1+ Ka6 41. Nxd8 Rxh3+ 42. Kf4 Rxd8 43. Rb6+ Ka5 44. Rxc6 Kb5 45. Rb6+ Kc4 46. e6 Kxd4 47. Rd6 Rf8+ 48. Kg4 Rh1 49. e7 Rg1+ 50. Kh5 Rh8+ 51. Rh6 Rh1+ 52. Kg5 R1xh6 53. e8=Q Rxe8 54. Kxh6 Kxc5 55. Kg5 Re1 56. Kf4 Ra1 57. Ke5 Rxa3 0-1

[Event "Early-Titled-Tuesday-Blitz-January-23-2024"]
[Site "Chess.com"]
[Date "2024.01.23"]
[Round "6"]
[White "rasmussvane"]
[Black "Paladin61"]
[Result "1-0"]
[WhiteElo "3003"]
[BlackElo "2758"]
[TimeControl "180+1"]
[EndTime "9:07:11 PST"]
[Termination "rasmussvane won on time"]

1. Nf3 d5 2. g3 Nf6 3. Bg2 e6 4. O-O Bd6 5. c4 O-O 6. b3 dxc4 7. bxc4 e5 8. Nc3 c6 9. Rb1 Re8 10. Qc2 Na6 11. Ng5 h6 12. Nge4 Nxe4 13. Nxe4 Bf8 14. d3 f5 15. Nd2 Rb8 16. Bb2 Nc5 17. Bc3 Bd6 18. e3 Nd7 19. Rfd1 Qe7 20. a4 Nf6 21. a5 a6 22. Qb2 Kh7 23. Bb4 c5 24. Bc3 g5 25. Qc2 Kg7 26. Rb3 h5 27. Rdb1 h4 28.
Qb2 f4 29. Bxb7 hxg3 30. hxg3 Rh8 31. Bxc8 Rbxc8 32. Rb7 Rc7 33. Rxc7 Bxc7 34. Qb7 Qd7 35. Ne4 Qh3 36. Nxf6 Qh2+ 37. Kf1 Qh1+ 38. Qxh1 Rxh1+ 39. Ke2 Rxb1 40. Ne8+ Kg6 41. Nxc7 Kf5 42. gxf4 exf4 43. exf4 Kxf4 44. Nxa6 g4 45. Nxc5 g3 46. fxg3+ Kxg3 47. Ke3 Rb8 48. a6 Re8+ 49. Kd4 Rd8+ 50. Ke5 Kf3 51. Bd4 Ke2 52. a7 Ra8 53. Ne6 Kxd3 54. Kd5 Kc2 55. Nc7 Rd8+ 56. Kc5 Kb3 57. a8=Q Rxa8 58.
Nxa8 1-0

[Event "Early-Titled-Tuesday-Blitz-January-23-2024"]
[Site "Chess.com"]
[Date "2024.01.23"]
[Round "6"]
[White "Oleksandr_Bortnyk"]
[Black "artooon"]
[Result "0-1"]
[WhiteElo "3073"]
[BlackElo "2981"]
[TimeControl "180+1"]
[EndTime "9:07:12 PST"]
[Termination "artooon won by resignation"]

1. e4 e5 2. Nf3 Nc6 3. Bb5 a6 4. Ba4 Nf6 5. Nc3 Bc5 6. d3 O-O 7. Bg5 h6 8. Bh4 b5 9. Bb3 Be7 10. a4 Rb8 11. axb5 axb5 12. O-O d6 13. h3 Be6 14.
Bxf6 Bxf6 15. Nd5 g6 16. Qd2 Bg7 17. Ra6 Bxd5 18. Bxd5 Ne7 19. Bb3 Kh7 20. Rfa1 f5 21. Qc3 d5 22. Re6 fxe4 23. dxe4 dxe4 24. Nxe5 Rb6 25. Rxb6 cxb6 26. Re1 Rf5 27. Rxe4 Qd1+ 28.
Kh2 Nd5 29. Qg3 Nf4 30. Ng4 Ne2 31. Rxe2 Qxe2 32. Qe3 Qxe3 33. Nxe3 Rxf2 34. Kg3 Rd2 35. Nd5 Bxb2 36. Nxb6 Be5+ 37. Kf3 Rd8 38. Nd5 Bd6 39. g4 Kg7 40. Ke4 Re8+ 41. Kf3 Re1 42. Nc3 Rh1 43.
Nxb5 Rxh3+ 44. Ke4 Bb8 45. Be6 Rh1 46. c4 Re1+ 47.
Kd5 Re5+ 48. Kc6 Rxe6+ 49. Kb7 Bf4 50. c5 h5 51. gxh5 gxh5 52. Nd4 Rf6 53. c6 h4 54.
Ne2 Be5 55. Nc1 h3 56. Nd3 Bd6 0-1

[Event "Early-Titled-Tuesday-Blitz-January-23-2024"]
[Site "Chess.com"]
[Date "2024.01.23"]
[Round "6"]
[White "ferdipy"]
[Black "Bushonica"]
[Result "1-0"]
[WhiteElo "2294"]
[BlackElo "1810"]
[TimeControl "180+1"]
[EndTime "9:07:12 PST"]
[Termination "ferdipy won by resignation"]

1. e4 e5 2. Nf3 Nf6 3. Nc3 Nc6 4.
Bb5 d6 5. h3 g6 6. O-O Bg7 7. d4 O-O 8. Bxc6 bxc6 9. dxe5 dxe5 10. Qxd8 Rxd8 11. Nxe5 c5 12. Bg5 Be6 13. Nc6 Rd7 14.
Rad1 h6 15. Be3 Bc4 16. Rxd7 Nxd7 17. Rd1 Nb6 18. Bxc5 Bxc3 19. bxc3 Bxa2 20. Ra1 Be6 21. Rxa7 Rxa7 22. Nxa7 Na4 23. Bd4 c5 24. Bf6 Kf8 25.
Nb5 Ke8 26. Nc7+ Kd7 27. Nxe6 Kxe6 28. Bg7 h5 29. Kf1 f6 30. Ke2 Nxc3+ 31. Kd3 Nd1 32. f3 Nb2+ 33. Kc3 Nd1+ 34. Kd2 Nb2 35. Bf8 Nc4+ 36. Kc3 Ne3 37. g4 hxg4 38. hxg4 c4 39.
Bc5 Nf1 40. f4 Ng3 41. Kd4 Ne2+ 42. Ke3 Nc3 43. f5+ gxf5 44. gxf5+ Kf7 45. Kd4 Ne2+ 46. Kxc4 Ng3 47. Kd5 Ne2 48. c4 Nf4+ 49. Kd6 Nd3 50. Bd4 Nb4 51. c5 Nc2 52. Bc3 Ne3 53. Kd7 Nd1 54. Bd4 Kf8 55. c6 Kf7 56. c7 Kf8 57.
c8=Q+ 1-0

[Event "Early-Titled-Tuesday-Blitz-January-23-2024"]
[Site "Chess.com"]
[Date "2024.01.23"]
[Round "6"]
[White "grzechu96"]
[Black "tandaleo"]
[Result "1/2-1/2"]
[WhiteElo "2694"]
[BlackElo "2537"]
[TimeControl "180+1"]
[EndTime "9:07:14 PST"]
[Termination "Game drawn by repetition"]

1. e4 g6 2. d4 Bg7 3. Nf3 c6 4. Nc3 d5 5. h3 dxe4 6. Nxe4 Nd7 7. Bd3 Ngf6 8. Ng3 O-O 9. O-O b6 10. Re1 Bb7 11. c4 e6 12. Bg5 h6 13. Be3 c5 14.
Qd2 Bxf3 15. gxf3 Kh7 16. Bf1 cxd4 17. Bxd4 Qc7 18. Rad1 Rad8 19. Qc2 Nc5 20. Be3 Rxd1 21. Rxd1 Rd8 22. Rxd8 Qxd8 23. Qd2 Qxd2 24. Bxd2 Nfd7 25.
b3 f5 26. f4 e5 27. fxe5 Nxe5 28. Kg2 Ne6 29. f4 Nc6 30. Ne2 g5 31. Kf2 Ncd4 32. fxg5 hxg5 33. Nxd4 Bxd4+ 34. Kf3 Kg6 35. Bd3 Kf6 36. b4 Nd8 37. Be3 Bxe3 38. Kxe3 Ne6 39. Bf1 Ke5 40. a3 Nd4 41. Kd3 Ne6 42. Ke3 g4 43. hxg4 fxg4 44. Be2 g3 45. Bf1 Nd4 46. c5 bxc5 47. bxc5 Nc2+ 48. Kf3 Nxa3 49. Kxg3 Kd5 50. Kf4 Kxc5 51. Ke3 Kb4 52. Kd2 a5 53. Be2 Kb3 54. Bd1+ Kb2 55. Ba4 Nb1+ 56. Kd3 Nc3 57. Bc6 Kb3 58. Kd2 Kb2 59. Kd3 Na2 60.
Kd2 Nb4 61. Be8 Kb3 62. Bf7+ Kb2 63. Be8 Kb3 64. Bf7+ Kb2 65. Be8 1/2-1/2

[Event "Early-Titled-Tuesday-Blitz-January-23-2024"]
[Site "Chess.com"]
[Date "2024.01.23"]
[Round "6"]
[White "WindWhistler11"]
[Black "yaguigor"]
[Result "0-1"]
[WhiteElo "2461"]
[BlackElo "2631"]
[TimeControl "180+1"]
[EndTime "9:07:14 PST"]
[Termination "yaguigor won by resignation"]

1. c4 c6 2. e3 d5 3. b3 Bf5 4. Bb2 e6 5. Nf3 h6 6. Be2 Nf6 7. d3 Nbd7 8. O-O Be7 9. a3 a5 10.
Nbd2 O-O 11. cxd5 cxd5 12. Nd4 Bh7 13. N2f3 Qb6 14. a4 Rfc8 15. Nb5 Qd8 16. Qd2 Bb4 17. Bc3 Bxc3 18. Nxc3 Nc5 19. Rab1 Na6 20. Na2 Qb6 21. b4 axb4 22. Nxb4 Nxb4 23. Rxb4 Qa5 24. Rfb1 Ne8 25. Ne5 Nd6 26. Nd7 Rc6 27. Ne5 Rc7 28. Bd1 f6 29. Nf3 e5 30. Ne1 Bg6 31. Qa2 Bf7 32. Rb6 Ra6 33. R6b4 Rac6 34. Qb2 g5 35. h3 Kg7 36. Nc2 Qa8 37. Na3 Qc8 38. Nb5 Nxb5 39. axb5 Rc1 40. b6 Rxb1 41. Qxb1 Rc1 42. Qb3 d4 43.
Qa4 Qc5 44. Rb2 dxe3 45. fxe3 Qxe3+ 46. Kh2 Qe1 47. Bf3 h5 48. Bxh5 Qg1+ 49. Kg3 Bxh5 50. Qd7+ Bf7 51. Qxb7 Qd4 52. Qf3 Qxb2 53. b7 Rb1 54. h4 gxh4+ 55. Kh3 Be6+ 56. Kh2 Qd4 57. Qc6 Qf4+ 0-1

[Event "Early-Titled-Tuesday-Blitz-January-23-2024"]
[Site "Chess.com"]
[Date "2024.01.23"]
[Round "6"]
[White "MusicCityMaster"]
[Black "Doomfist26"]
[Result "1-0"]
[WhiteElo "2445"]
[BlackElo "2597"]
[TimeControl "180+1"]
[EndTime "9:07:14 PST"]
[Termination "MusicCityMaster won by resignation"]

1. d4 Nf6 2. c4 g6 3. Nc3 Bg7 4. e4 d6 5. Nf3 O-O 6. Be2 Bg4 7. Be3 Nc6 8. Ng1 Bxe2 9. Ngxe2 e5 10. d5 Nd4 11. Nxd4 exd4 12. Bxd4 Re8 13. f3 Nxe4 14. fxe4 Qh4+ 15. Kf1 Qf4+ 16. Kg1 Bh6 17. Bf2 f5 18. Qf3 Qd2 19. Rf1 Qxb2 20. exf5 Rf8 21. f6 Rae8 22. h4 Re5 23. f7+ Rxf7 24. Qh3 Ref5 25. Ne4 Qe5 26. Qd3 Rf4 27. Ng5 Bxg5 28. hxg5 Qxg5 29. Qe3 Qf5 30. Rh3 Re4 31. Qg3 Rxc4 32. Qe3 Re4 33. Qg3 Rf4 34. Qe3 Qxd5 35. Re1 Qe5 36. Qxe5 dxe5 37. Bg3 R4f5 38. Rxe5 Rxe5 39. Bxe5 c5 40. Re3 Re7 41. Bf4 Rxe3 42. Bxe3 b6 43. Kf2 Kf7 44.
Kf3 Ke6 45. Ke4 Kd6 46. Bd2 Ke6 47. Bc3 b5 48. a3 a6 49. Bd2 Kd6 50. Bc3 Kc6 51.
Ke5 h5 52. Bd2 Kb6 53. Kd6 c4 54. Kd5 a5 55. Be3+ Ka6 56. Bd2 g5 57. Bxg5 Kb6 58. Be3+ Ka6 59. Bd2 Kb6 60. Bc3 Ka6 61. Kc6 1-0

[Event "Early-Titled-Tuesday-Blitz-January-23-2024"]
[Site "Chess.com"]
[Date "2024.01.23"]
[Round "6"]
[White "LeoLV10"]
[Black "ChessSwole"]
[Result "1-0"]
[WhiteElo "2447"]
[BlackElo "2614"]
[TimeControl "180+1"]
[EndTime "9:07:14 PST"]
[Termination "LeoLV10 won by resignation"]

1. e4 e5 2. Nf3 Nf6 3. Nxe5 d6 4. Nf3 Nxe4 5. Nc3 Nf6 6. d4 Be7 7. Bd3 O-O 8. O-O c6 9. Re1 a5 10. a4 Na6 11. Ne4 Nb4 12. Nxf6+ Bxf6 13. Bf1 Bf5 14. Re2 Re8 15. c3 Nd5 16. h3 Qd7 17. Bg5 Bxg5 18. Nxg5 h6 19. Nf3 Nf4 20. Rxe8+ Rxe8 21. Qd2 g5 22. Re1 Be4 23. Nh2 Re6 24. g3 Nd5 25. Ng4 Kg7 26. c4 Nb4 27. d5 cxd5 28. Qd4+ Kg6 29.
cxd5 Bxd5 30. Bd3+ Nxd3 31. Qxd3+ f5 32. Ne3 Be4 33.
Qd4 Qg7 34. Qxg7+ Kxg7 35. f3 Bd3 36. Kf2 f4 37. gxf4 gxf4 38. Nd5 Rxe1 39. Kxe1 Bc2 40.
Nxf4 Bxa4 41. Kd2 Kf6 42. Ke3 Bc6 43. h4 Kf5 44. Ne2 Bd7 45. Nd4+ Kg6 46. Ke4 Kh5 47. Kd5 Kxh4 48. Kxd6 Be8 49. Ke7 Bh5 50. f4 Kg4 51. f5 Kf4 52. f6 Ke4 53. Ne6 Kd5 54.
Ng7 Bg6 55. Ne6 Kc4 56. Nf4 Kb3 57. Nxg6 Kxb2 58. f7 b5 59. f8=Q b4 60. Qf2+ Ka3 61. Qc5 a4 62. Ne5 Kb3 63. Nd3 a3 64. Qxb4+ Kc2 65. Qxa3 1-0

[Event "Early-Titled-Tuesday-Blitz-January-23-2024"]
[Site "Chess.com"]
[Date "2024.01.23"]
[Round "6"]
[White "wonderfultime"]
[Black "Hikaru"]
[Result "1/2-1/2"]
[WhiteElo "3049"]
[BlackElo "3305"]
[TimeControl "180+1"]
[EndTime "9:07:16 PST"]
[Termination "Game drawn by repetition"]

1. d4 d5 2. c4 c6 3. Nf3 Nf6 4. e3 a6 5. Nc3 Bf5 6. Ne5 e6 7. g4 Bg6 8. h4 dxc4 9. Bxc4 Nbd7 10. Nxg6 hxg6 11. Qf3 Bb4 12. Bd2 Qe7 13. O-O-O O-O-O 14. Kb1 Kb8 15. h5 g5 16. e4 e5 17. d5 Nb6 18. Bb3 cxd5 19. exd5 Ne8 20. Be3 Nc8 21.
Ne4 f6 22. Rc1 Ned6 23. Nc5 Bxc5 24. Rxc5 Nb5 25. Rhc1 Ncd6 26. Qd1 Rc8 27. a4 Rxc5 28. Bxc5 Nd4 29. Bxd4 exd4 30. Qxd4 Re8 31. Bc2 Qe5 32.
Qxe5 Rxe5 33. Rd1 Re2 34. f3 a5 35. Rd3 Kc7 36. Rc3+ Kb6 37. Bg6 Re5 38. Rb3+ Kc7 39. Rc3+ Kd7 40. Rc5 b6 41. Rc6 Rxd5 42. Rxb6 Kc7 43.
Rb3 Rd4 44. Re3 Kd7 45. b3 Rd2 46. Kc1 Rf2 47. Kd1 Nb7 48. Bf5+ Kd8 49. Rd3+ Ke8 50. Rd7 Nc5 51. Rxg7 Rh2 52. Bg6+ Kd8 53. Rf7 Nxb3 54. Rxf6 Ke7 55. Rf5 Rh1+ 56. Kc2 Nd4+ 57. Kc3 Nxf5 58. Bxf5 Ra1 59. Kb3 Rc1 60. h6 Kf6 61. h7 Kg7 62.
Bc2 Kh8 63. Kc3 Kg7 64. Kb3 Rf1 65. Be4 Rc1 66. Bc2 1/2-1/2

[Event "Early-Titled-Tuesday-Blitz-January-23-2024"]
[Site "Chess.com"]
[Date "2024.01.23"]
[Round "6"]
[White "winniethepooh04"]
[Black "IlanSchnaider"]
[Result "0-1"]
[WhiteElo "2528"]
[BlackElo "2785"]
[TimeControl "180+1"]
[EndTime "9:07:16 PST"]
[Termination "IlanSchnaider won by checkmate"]

1. d4 Nf6 2. Nf3 d5 3. Bf4 c5 4. e3 e6 5. c3 Bd6 6. Bg3 Qc7 7. Nbd2 Nbd7 8. Bd3 O-O 9. O-O b6 10. e4 dxe4 11.
Nxe4 Bxg3 12. hxg3 Bb7 13. Qe2 Rfd8 14. Rad1 h6 15.
Rfe1 Rac8 16. dxc5 bxc5 17. Bb1 Nxe4 18. Bxe4 Nf6 19. Bxb7 Qxb7 20. Ne5 Rd5 21. Rxd5 Qxd5 22. c4 Qb7 23. Rd1 a5 24. b3 Ra8 25. Qe3 a4 26. bxa4 Qb4 27. Qb3 Ne4 28. Qf3 f5 29. Qh5 Qb2 30.
Qf7+ Kh8 31. Ng6+ Kh7 32. Rf1 Qf6 33. Qxf6 gxf6 34. Nf4 e5 35. Nd5 Rxa4 36. f3 Nxg3 37. Rb1 Rxc4 38. Nxf6+ Kg7 39. Nd7 e4 40. fxe4 Nxe4 41.
Rb7 Rc1+ 42. Kh2 c4 43. Ne5+ Kf6 44. Nf3 c3 45. Rb6+ Ke7 46. Rxh6 Ra1 47. Rc6 Rxa2 48. Nd4 Kd7 49. Rc4 f4 50. Nf5 Rc2 51. Nd4 Rc1 52.
Nf3 Nd2 53. Rxf4 Nf1+ 54. Kh3 c2 55. Ne5+ Ke6 56. Nd3 Rd1 57. Rc4 Ne3 58. Rc3 Rxd3 59. Rxd3 c1=Q 60. g4 Qf1+ 61. Kh4 Qxd3 62. Kg5 Qe4 63. Kh4 Qxg4# 0-1

[Event "Early-Titled-Tuesday-Blitz-January-23-2024"]
[Site "Chess.com"]
[Date "2024.01.23"]
[Round "6"]
[White "Egorov_Pavel"]
[Black "EdmundPlayer"]
[Result "1/2-1/2"]
[WhiteElo "2488"]
[BlackElo "2270"]
[TimeControl "180+1"]
[EndTime "9:07:16 PST"]
[Termination "Game drawn by repetition"]

1. d4 Nf6 2. c4 e6 3. Nc3 Bb4 4. e3 O-O 5. Nf3 d5 6. Bd3 dxc4 7.
Bxc4 c5 8. O-O cxd4 9. exd4 Nc6 10. a3 Be7 11. Bg5 h6 12. Bh4 Nd5 13. Bxe7 Ncxe7 14. Ne5 Bd7 15. Nxd5 exd5 16. Bd3 Bf5 17. Re1 Qd6 18.
Qf3 Bxd3 19. Nxd3 Nc6 20. Rad1 Rfe8 21. Ne5 Nxe5 22. dxe5 Rxe5 23. Rxe5 Qxe5 24. Qxd5 Qxb2 25. a4 Re8 26. h3 Qc2 27. a5 Re2 28. Rf1 Qc6 29.
Qd8+ Re8 30. Qd4 b6 31. axb6 axb6 32. Rb1 Rb8 33. Rb3 b5 34. Rg3 f6 35. Rc3 Qb6 36. Qd5+ Kh7 37. Qf5+ Kg8 38. Qd5+ Kh7 39. Qe4+ Kg8 40. Rg3 b4 41. Qd5+ Kh7 42. Qf7 Rg8 43.
Qg6+ Kh8 44. Rb3 Qb5 45. Qe4 Rb8 46. Qe6 Qb7 47. h4 Ra8 48. h5 Qc7 49. Qe1 Qc5 50.
Qxb4 Qxh5 51. Rh3 Qd1+ 52. Kh2 Qd7 53. Qe4 Qc7+ 54. Rg3 Ra3 55. Qe8+ Kh7 56. Qg6+ Kh8 57. Qe8+ Kh7 58. Qe4+ Kh8 59. f3 Ra7 60. Qe8+ Kh7 61. Qg6+ Kh8 62. Kh3 Qf7 63. Qf5 Re7 64. Qc8+ Re8 65.
Qf5 Re5 66. Qc8+ Re8 67. Qf5 Re5 68. Qc8+ Kh7 69. Qc2+ Kh8 70. Qc8+ 1/2-1/2